Map: Prion Terraces

Players

Miszu - Winner!

  • Race: Terran Terran
  • League: Master

Nedi

  • Race: Zerg Zerg
  • League: Master

VOD

Have the link to the VOD?

Description

Time

  • Played on: Feb. 6, 2016, 4:40 p.m.
  • Length: 22:12
Show
View Real Time Build Order
Export as new Build Order

Miszu Terran - Winner!

Build Orders: MMM Bio 

Get SALT Encoding   

  12  0:01  SCV  
  13  0:13  SCV  
  14  0:19  Supply Depot  
  14  0:25  SCV  
  15  0:41  SCV  
  16  0:43  Barracks  
  16  0:46  Refinery  
  16  0:53  SCV  
  17  1:05  SCV  
  18  1:17  SCV  
  19  1:31  Orbital Command  
  19  1:32  Barracks Reactor  
  19  1:40  Command Center  
  19  1:47  Supply Depot  
  19  1:56  SCV  
  20  2:08  Marine x2  
  20  2:09  Factory  
  20  2:11  SCV  
  23  2:23  SCV  
  23  2:26  Marine x2  
  26  2:35  SCV  
  27  2:44  Marine x2  
  27  2:47  SCV  
  30  2:54  Starport  
  30  2:58  Orbital Command  
  30  2:59  SCV  
  31  3:12  SCV  
  32  3:16  Hellion x2  
  32  3:19  Barracks Tech Lab  
  36  3:24  SCV x2  
  38  3:28  Supply Depot  
  38  3:36  SCV  
  38  3:37  Hellion x2, SCV  
  46  3:44  Armory  
  44  3:49  SCV x2  
  44  3:51  Supply Depot, Marine  
  47  4:01  SCV x2  
  49  4:03  Refinery  
  49  4:04  Hellion x2  
  53  4:13  Supply Depot, SCV x2  
  53  4:14  Medivac  
  57  4:18  Marine  
  58  4:25  SCV x2  
  58  4:30  Command Center  
  60  4:37  SCV x2  
  62  4:41  Barracks, Stimpack  
  62  4:42  Barracks  
  62  4:49  SCV  
  62  4:52  SCV  
  64  4:53  Factory Reactor  
  64  4:57  Refinery x2  
  64  4:58  Supply Depot  
  64  4:59  Marine  
  64  5:01  SCV  
  64  5:02  Starport Reactor  
  66  5:08  SCV  
  66  5:13  SCV  
  68  5:17  Marine  
  68  5:20  Barracks  
  68  5:21  Barracks  
  65  5:31  Marine x2  
  65  5:35  Marine  
  55  5:36  SCV x2  
  55  5:42  Factory Tech Lab  
  54  5:43  Orbital Command  
  54  5:44  Marine x2  
  54  5:48  SCV  
  54  5:49  Marine x2  
  59  5:52  Medivac  
  59  5:53  Marine  
  59  5:56  SCV  
  65  6:00  Engineering Bay  
  65  6:01  Engineering Bay  
  65  6:02  Marine x2, Siege Tank  
  68  6:06  SCV  
  68  6:07  Marine x2  
  68  6:08  SCV  
  68  6:10  Barracks Reactor x2  
  68  6:11  Marine  
  73  6:13  Barracks Tech Lab x2  
  73  6:15  Orbital Command  
  73  6:20  Supply Depot x2, Marine x2, SCV  
  73  6:25  Marine x2  
  78  6:29  Marauder  
  80  6:33  Terran Infantry Weapons Level 1, Terran Infantry Armor Level 1  
  80  6:34  Siege Tank  
  80  6:39  SCV  
  84  6:40  SCV x2  
  84  6:43  Medivac  
  84  6:45  Marauder  
  90  6:47  Concussive Shells  
  90  6:48  Marauder  
  90  6:49  Combat Shields  
  92  6:57  Supply Depot  
  92  6:58  Supply Depot  
  92  6:59  Marine  
  92  7:00  Supply Depot  
  95  7:01  Marauder  
  95  7:05  Marine x2  
  95  7:06  Marauder  
  99  7:11  Refinery, Medivac  
  99  7:12  Refinery  
  101  7:19  Marine, Marauder  
  101  7:20  Medivac  
  101  7:22  Siege Tank  
  111  7:23  Marauder  
  111  7:27  SCV  
  111  7:28  SCV x2  
  114  7:30  Marine  
  114  7:36  Marine  
  114  7:37  Marine x2, Marauder  
  118  7:40  SCV x2  
  118  7:41  Marauder, SCV  
  127  7:44  Marauder  
  127  7:45  Supply Depot  
  127  7:48  Supply Depot  
  127  7:54  Marine  
  127  7:58  Marine, Marauder  
  130  7:59  Medivac  
  133  8:06  Medivac, Siege Tank  
  133  8:07  Marauder  
  140  8:14  Liberator  
  140  8:15  Marine x2, Marauder  
  140  8:19  Marauder  
  146  8:25  Command Center  
  146  8:28  Marauder  
  146  8:31  Marine  
  149  8:44  Marine  
  149  8:48  Marine  
  148  8:53  Terran Infantry Armor Level 2, Terran Infantry Weapons Level 2  
  148  8:55  Ghost Academy  
  149  8:59  Marauder, Liberator  
  149  9:00  Liberator  
  149  9:01  Supply Depot  
  157  9:03  Supply Depot  
  157  9:11  Marine x4  
  157  9:16  Barracks  
  157  9:17  Barracks  
  157  9:18  Barracks  
  155  9:27  Sensor Tower  
  155  9:30  Supply Depot  
  157  9:31  Marine x2  
  162  9:42  Liberator x2  
  162  9:47  Ghost x2  
  162  9:48  Ghost  
  153  9:54  Marine x2  
  157  10:02  Marine x2, Siege Tank  
  157  10:07  Barracks Tech Lab x3  
  159  10:16  Ghost x2  
  163  10:22  Refinery  
  163  10:25  Refinery, Liberator  
  162  10:30  Sensor Tower  
  162  10:31  Ghost  
  162  10:34  Cyclone  
  167  10:42  Command Center  
  168  10:46  Medivac  
  170  10:54  Planetary Fortress  
  170  10:59  Liberator  
  170  11:01  Command Center  
  170  11:03  Ghost  
  132  11:36  Marine  
  132  11:37  Marine x5, Marauder  
  132  11:38  Marauder  
  117  11:43  Marauder, Orbital Command  
  117  11:44  Marauder  
  114  11:54  Marine x4  
  114  11:55  Marine x2  
  119  12:02  Marauder x2  
  119  12:04  Marauder  
  119  12:06  Ghost  
  121  12:09  SCV  
  121  12:10  SCV  
  121  12:12  Marine x3, Ghost x2  
  121  12:13  SCV x2  
  132  12:20  Medivac x2  
  132  12:21  SCV  
  132  12:22  Planetary Fortress  
  131  12:23  SCV  
  131  12:25  SCV, Ghost  
  131  12:26  Ghost x2  
  131  12:27  Marine  
  131  12:29  SCV  
  137  12:30  Marine  
  137  12:33  SCV  
  137  12:35  Ghost  
  141  12:44  SCV x3  
  142  12:45  SCV  
  145  12:51  Liberator  
  145  12:52  Liberator  
  145  12:56  SCV x3  
  148  13:00  Marine  
  148  13:01  Marine, Marauder  
  148  13:05  Missile Turret  
  152  13:07  Missile Turret  
  158  13:16  SCV  
  158  13:17  SCV x2  
  163  13:26  SCV x2  
  161  13:28  SCV  
  161  13:30  Command Center  
  162  13:34  Terran Infantry Weapons Level 3, Liberator  
  162  13:36  Terran Infantry Armor Level 3  
  160  13:43  Command Center  
  160  13:48  Command Center  
  121  14:13  Ghost  
  121  14:14  Marine, Ghost x4  
  128  14:18  Marauder  
  130  14:24  Liberator x2  
  130  14:25  Marine x3  
  133  14:39  Ghost  
  133  14:42  Ghost  
  143  14:46  Starport  
  143  14:47  Marine x2, Marauder  
  143  14:50  Orbital Command  
  147  14:56  Missile Turret  
  147  14:58  Refinery  
  147  14:59  Refinery, Missile Turret  
  147  15:07  Liberator  
  147  15:14  Ghost  
  146  15:27  Orbital Command  
  145  15:33  Missile Turret x2  
  145  15:37  Sensor Tower, Missile Turret  
  145  15:39  SCV x2  
  147  15:49  SCV, Widow Mine  
  148  15:51  Liberator  
  148  15:56  SCV x2  
  150  15:59  SCV  
  150  16:00  Sensor Tower, SCV  
  150  16:01  SCV  
  153  16:08  SCV x2  
  158  16:15  Starport Tech Lab  
  158  16:23  Liberator x2  
  158  16:27  Marine x2  
  160  16:34  Liberator  
  160  16:36  Ghost x2  
  168  16:49  Fusion Core  
  170  17:06  Liberator  
  170  17:09  Liberator  
  170  17:11  Marine  
  170  17:12  Marauder x2  
  175  17:17  Marine, Marauder  
  175  17:20  Liberator  
  175  17:31  Marine  
  175  17:32  Marine  
  177  17:38  Marine, Widow Mine  
  177  17:44  Planetary Fortress  
  178  18:05  Refinery  
  178  18:06  Refinery  
  178  18:07  Missile Turret  
  178  18:08  Sensor Tower, Missile Turret  
  178  18:09  Liberator, Missile Turret  
  178  18:11  Missile Turret  
  178  18:25  Ghost  
  178  18:26  Supply Depot, Marine, Medivac x2, Marauder, Ghost x2  
  194  18:27  Supply Depot x2  
  194  18:29  Supply Depot  
  194  18:31  Command Center  
  194  18:34  Advanced Ballistics  
  194  18:39  Liberator  
  194  18:56  Ghost  
  194  18:57  Missile Turret  
  192  19:33  Liberator x3  
  188  19:40  Ghost  
  188  19:41  Ghost  
  181  19:49  Ghost x2  
  189  19:56  Ghost x2  
  193  20:09  Ghost x2  
  193  20:10  Marine  
  193  20:11  Marine  
  199  20:18  Marine  
  200  20:24  Command Center  
  198  20:40  Marine x3  
  192  20:53  Ghost  
  192  20:54  Ghost x5  
  184  21:18  Marine x2  
  183  21:22  Ghost x2  
  183  21:23  Marauder  
Show
View Real Time Build Order
Export as new Build Order

Nedi Zerg 

Build Orders: Hatch First 

Get SALT Encoding   

  12  0:01  Drone  
  13  0:12  Overlord  
  13  0:18  Drone  
  14  0:31  Drone x2  
  14  0:35  Drone  
  17  0:52  Hatchery  
  17  0:55  Drone  
  17  1:09  Spawning Pool  
  17  1:10  Drone  
  17  1:14  Drone  
  17  1:17  Drone  
  19  1:19  Extractor  
  18  1:28  Drone  
  19  1:39  Overlord  
  19  1:52  Drone  
  20  1:57  Queen  
  20  2:00  Zergling x2  
  23  2:04  Queen  
  23  2:05  Zergling x2  
  26  2:11  Drone  
  26  2:15  Drone  
  28  2:21  Metabolic Boost  
  28  2:22  Overlord  
  28  2:26  Drone  
  29  2:32  Drone  
  29  2:36  Queen  
  32  2:39  Queen  
  32  2:44  Drone x2  
  36  2:47  Drone  
  37  2:54  Drone  
  37  2:58  Drone  
  39  3:07  Drone x4  
  39  3:09  Overlord  
  39  3:12  Drone  
  44  3:20  Hatchery  
  43  3:27  Roach Warren  
  43  3:28  Drone  
  43  3:29  Drone  
  43  3:31  Drone  
  45  3:35  Extractor  
  45  3:37  Drone x2  
  45  3:41  Drone x2  
  48  3:45  Overlord  
  48  3:46  Overlord  
  46  4:07  Roach x3  
  46  4:08  Roach x3  
  58  4:11  Roach  
  58  4:16  Roach x2  
  64  4:18  Overlord  
  64  4:19  Overlord  
  64  4:20  Drone x2  
  64  4:21  Drone  
  64  4:23  Extractor  
  66  4:25  Roach  
  66  4:28  Spore Crawler  
  67  4:32  Queen  
  67  4:37  Drone, Spore Crawler  
  69  4:41  Drone  
  70  4:47  Drone x3  
  70  4:48  Drone  
  74  4:53  Spore Crawler  
  74  4:54  Lair  
  74  4:57  Drone  
  74  4:58  Drone  
  74  4:59  Drone  
  76  5:01  Drone  
  76  5:04  Drone  
  76  5:05  Extractor  
  77  5:08  Drone x2  
  79  5:14  Roach  
  79  5:15  Roach  
  79  5:16  Roach  
  85  5:23  Drone  
  85  5:28  Roach x4  
  84  5:30  Roach  
  84  5:31  Drone  
  84  5:33  Drone  
  84  5:34  Drone  
  83  5:40  Evolution Chamber  
  83  5:42  Drone  
  83  5:43  Drone  
  83  5:44  Drone x2  
  83  5:48  Evolution Chamber  
  83  5:49  Drone x2  
  87  5:55  Drone x2  
  87  5:56  Drone  
  90  6:00  Infestation Pit  
  90  6:01  Overlord  
  90  6:02  Overlord  
  89  6:05  Drone  
  90  6:17  Zerg Melee Weapons Level 1, Zerg Ground Armor Level 1  
  90  6:19  Extractor  
  90  6:20  Extractor  
  90  6:21  Overlord x3, Drone  
  90  6:23  Ravager x4  
  93  6:28  Drone  
  93  6:29  Drone x4  
  93  6:30  Drone  
  99  6:35  Drone  
  99  6:37  Hive  
  99  6:38  Zergling x4  
  99  6:39  Zergling x2  
  101  6:44  Zergling x2  
  101  6:45  Zergling x8, Ravager  
  101  6:46  Ravager  
  108  6:51  Drone  
  109  6:59  Ravager x2  
  112  7:01  Overlord x3, Zergling x8  
  115  7:13  Drone  
  115  7:14  Drone x5, Hatchery  
  120  7:18  Infestor  
  122  7:23  Infestor x2  
  126  7:35  Infestor  
  128  7:37  Zergling x2  
  128  7:38  Zergling x14  
  128  7:40  Spore Crawler  
  135  7:46  Extractor x2  
  134  7:51  Zergling x6  
  134  7:53  Zergling x2, Ultralisk Cavern  
  134  7:54  Zergling x2  
  134  7:56  Zergling x2  
  134  8:08  Zergling x10  
  137  8:15  Zerg Ground Armor Level 2, Zerg Melee Weapons Level 2  
  137  8:17  Drone x3  
  137  8:18  Drone x2  
  137  8:19  Drone  
  143  8:29  Drone x2  
  142  8:35  Overlord x6  
  139  9:05  Ravager x3  
  139  9:06  Ravager  
  139  9:08  Chitinous Plating  
  139  9:09  Ultralisk x2  
  155  9:12  Ultralisk  
  159  9:17  Spine Crawler  
  159  9:22  Ultralisk  
  159  9:23  Queen  
  166  9:35  Drone x11  
  170  9:47  Ultralisk  
  170  9:48  Ultralisk  
  170  9:50  Hatchery  
  170  9:51  Ultralisk  
  181  10:04  Ultralisk  
  187  10:12  Ultralisk  
  192  10:25  Adrenal Glands  
  192  10:39  Queen  
  192  10:42  Overlord x2  
  192  10:43  Overlord x2  
  192  10:47  Spire  
  192  10:49  Extractor, Queen  
  192  10:50  Extractor  
  192  10:53  Zerg Melee Weapons Level 3  
  192  10:55  Drone  
  192  10:57  Overlord x2  
  192  10:58  Overseer  
  192  11:04  Zergling x10  
  192  11:05  Zergling x6  
  137  11:26  Zergling x2  
  137  11:27  Zergling x38  
  142  11:36  Ultralisk x3  
  136  11:41  Ultralisk  
  134  11:47  Queen  
  134  11:49  Zerg Ground Armor Level 3  
  131  11:56  Drone x3  
  131  12:00  Corruptor x2  
  129  12:12  Drone  
  130  12:18  Hatchery  
  130  12:19  Ultralisk  
  130  12:21  Corruptor  
  137  12:26  Overseer  
  137  12:29  Corruptor  
  139  12:38  Corruptor  
  139  12:39  Corruptor  
  143  13:05  Corruptor x5  
  143  13:06  Corruptor x2  
  143  13:10  Corruptor  
  159  13:14  Overseer x2  
  159  13:22  Corruptor  
  159  13:23  Corruptor  
  163  13:27  Lair  
  163  13:33  Corruptor  
  171  13:41  Ultralisk  
  170  13:58  Ultralisk  
  170  14:01  Ultralisk  
  165  14:07  Ultralisk  
  140  14:11  Zergling x2  
  140  14:13  Zergling x6  
  138  14:25  Ultralisk  
  144  14:34  Ultralisk  
  150  15:01  Ultralisk x2  
  150  15:06  Hatchery  
  153  15:09  Ultralisk  
  153  15:17  Ultralisk  
  156  15:27  Ultralisk  
  162  15:35  Ultralisk  
  172  15:43  Ultralisk  
  172  15:52  Ultralisk  
  175  16:00  Overseer  
  175  16:10  Corruptor x3  
  181  16:24  Ultralisk  
  185  16:35  Zerg Flyer Armor Level 1  
  184  16:40  Ultralisk  
  190  16:52  Corruptor x2  
  190  16:53  Overlord  
  191  17:02  Drone  
  191  17:03  Drone x5  
  194  17:23  Spawning Pool  
  194  17:25  Drone x5  
  194  17:27  Ultralisk  
  199  17:33  Infestation Pit  
  198  17:58  Hatchery  
  197  18:17  Overlord  
  197  18:18  Overlord  
  197  18:20  Hive  
  197  18:30  Zerg Missile Weapons Level 1  
  195  19:09  Extractor  
  194  19:10  Corruptor x3  
  194  19:13  Pathogen Glands  
  194  19:15  Zerg Flyer Weapons Level 1  
  124  19:44  Ultralisk x6  
  142  19:51  Zergling x2  
  142  19:52  Zergling x48  
  149  20:05  Corruptor  
  149  20:06  Corruptor  
  150  20:17  Extractor  
  150  20:19  Zergling x22  
  150  20:20  Extractor  
  154  20:22  Zergling x4  
  105  20:56  Corruptor  
  75  21:11  Ultralisk  
  66  21:32  Ultralisk  
Tags
 
Composition
MMM Bio
Matchup
TvZ
Add a new tag
Caveats
  • Supply blocks, unpowered buildings, or Contaminate may cause inaccurate times.
  • Supply counts are checked every 10 seconds.